 Dungeon Crawl Stone Soup version 0.27-a0-512-g57cc695410 (webtiles) character file.

Game seed: 9269325711229751596

3885 kae the Cleaver (level 10, -24/93 HPs)
             Began as a Hill Orc Fighter on Mar 3, 2021.
             Was a Follower of Qazlal.
             Annihilated by Gastronok (32 damage)
             ... on level 8 of the Dungeon.
             The game lasted 00:05:16 (9989 turns).

kae the Cleaver (Hill Orc Fighter)                  Turns: 9989, Time: 00:05:17

Health: -24/93     AC: 14    Str: 23    XL:     10   Next: 19%
Magic:  14/14      EV:  6    Int:  8    God:    Qazlal [*.....]
Gold:   13         SH:  2    Dex: 10    Spells: 9/9 levels left

rFire    . . .     SeeInvis .   y - +0 battleaxe
rCold    . . .     Faith    .   (shield currently unavailable)
rNeg     . . .     Spirit   .   A - +0 plate armour
rPois    +         Reflect  .   f - +0 helmet
rElec    .         Harm     .   i - +1 cloak
rCorr    .         Rampage  .   (no gloves)
Will     .....                  (no boots)
Stlth    ..........             (no amulet)
HPRegen  0.25/turn              l - ring of poison resistance
MPRegen  0.14/turn              (no ring)

@: slowed, very slow
A: no striking features
a: Renounce Religion


You were on level 8 of the Dungeon.
You worshipped Qazlal.
Qazlal was aware of your devotion.
You visited 2 branches of the dungeon, and saw 9 of its levels.

You collected 13 gold pieces.

Inventory:

Hand Weapons
 y - a +0 battleaxe (weapon)
Armour
 b - a +0 scale mail
 f - a +0 helmet (worn)
 i - a +1 cloak (worn)
 A - a +0 plate armour (worn)
Jewellery
 l - a ring of poison resistance (left hand)
 n - an amulet of magic regeneration
 x - a ring of see invisible
Wands
 q - a wand of acid (5)
Scrolls
 g - 4 scrolls of identify
 j - 4 scrolls of teleportation
 p - a scroll of magic mapping
 s - a scroll of random uselessness
 u - a scroll of fog
 w - 2 scrolls of enchant weapon
Potions
 a - a potion of haste
 d - 4 potions of might
 h - 3 potions of attraction
 k - 3 potions of degeneration
 m - 3 potions of curing
 o - a potion of brilliance
 r - 2 potions of flight
 v - a potion of invisibility


   Skills:
 + Level 10.0 Fighting
 * Level 14.0 Axes
 - Level 3.2 Armour
 - Level 3.2 Shields
 + Level 6.0 Invocations


You had 9 spell levels left.
You didn't know any spells.
Your spell library was empty.

Dungeon Overview and Level Annotations

Branches:
Dungeon (8/15)             Temple (1/1) D:6            Lair (0/6) D:8

Altars:
Ashenzari
Cheibriados
Dithmenos
Elyvilon
Fedhas
Gozag
Hepliaklqana
Kikubaaqudgha
Makhleb
Nemelex Xobeh
Okawaru
Qazlal
Ru
Sif Muna
Trog
Uskayaw
Vehumet
Xom
Yredelemnul
Zin
The Shining One

Shops:
D:7 (

Annotations:
D:8 Gastronok, Maurice


Message History

You slash the river rat!
You kill the river rat!
The river rat's corpse disappears in a puff of smoke!
You closely miss the bat. The bat hits you but does no damage.
The bat closely misses you. The bat hits you but does no damage.
Gastronok waves his eye-stalks in wide circles.
The air twists around and strikes you!!
You slash Gastronok!
Gastronok is heavily wounded.
You hit the bat.
You kill the bat!
The bat's corpse disappears in a puff of smoke!
Gastronok bites you!
You slash Gastronok!
Gastronok is heavily wounded.
You slice Gastronok!!
Gastronok is severely wounded.
Gastronok casts a spell.
You slice Gastronok!!
Gastronok is severely wounded.
Gastronok waves his eye-stalks in wide circles.
The air twists around and strikes you!!
* * * LOW HITPOINT WARNING * * *
You hit Gastronok.
Gastronok is severely wounded.
The river rat bites you but does no damage.
Gastronok bites you!
* * * LOW HITPOINT WARNING * * *
Your plate armour prevents you from hitting Gastronok.
Gastronok is severely wounded.
You slash the river rat!
You kill the river rat!
The river rat's corpse disappears in a puff of smoke!
Gastronok bites you but does no damage.
You hit Gastronok.
Gastronok is severely wounded.
You hit Gastronok.
Gastronok is severely wounded.
Gastronok bites you!!
You die...

#............... ...
#............... ..
#....w##...######### .
#..>..#########..##.######
#......#.................#
#......#.................#
#......#.............<...#
#......#.....)...........'
#......#.@...............#
#.....####w####..####'####
#....w####r##########....#
#.........r...#.[.........
#.............#..)[.......
#.............+..)........
##########...##....##.##..
###...##....##.# ..
#............... ..


You could see Gastronok, a quokka (summoned) and a rat (summoned).

Vanquished Creatures
  Harold (D:8)
  Pikel (D:5)
  A water moccasin (D:7)
  Duvessa (D:5)
  An orc warrior (D:8)
  A sky beast (D:6)
  Purgy (D:3)
  2 ice beasts (D:8)
  4 centaurs
  3 ogres
  A phantom (D:7)
  2 bullfrogs
  A water moccasin zombie (D:8)
  Dowan (D:5)
  3 scorpions
  4 wights (D:7)
  A bullfrog zombie (D:7)
  A quasit (D:4)
  2 hounds
  2 jellies
  2 orc priests
  A bullfrog skeleton (D:5)
  Jessica (D:2)
  4 orc wizards
  3 iguanas (D:7)
  7 worker ants
  2 hound skeletons (D:4)
  A worker ant zombie (D:5)
  5 gnolls
  6 adders
  A shadow imp (D:6)
  A white imp (D:8)
  An ooze (D:1)
  2 adder skeletons
  4 worms
  A dart slug (D:2)
  6 leopard geckos
  13 orcs
  7 giant cockroaches
  6 goblins
  2 hobgoblins
  7 jackals
  3 quokkas
  6 bats
  5 frilled lizards
  6 kobolds
  A leopard gecko zombie (D:5)
  5 rats
143 creatures vanquished.

Vanquished Creatures (others)
  3 bushes (D:7)
  13 plants (D:7)
16 creatures vanquished.

Grand Total: 159 creatures vanquished

Notes
Turn   | Place    | Note
-------+----------+-------------------------------------------
     0 | D:1      | kae the Hill Orc Fighter began the quest for the Orb.
     0 | D:1      | Reached XP level 1. HP: 19/19 MP: 1/1
   153 | D:1      | Reached skill level 3 in Axes
   211 | D:1      | Reached XP level 2. HP: 27/27 MP: 2/2
   649 | D:1      | Reached skill level 4 in Axes
   649 | D:1      | Reached XP level 3. HP: 27/33 MP: 3/3
   881 | D:2      | Found a bloodstained altar of Trog.
   881 | D:2      | Found a stormy altar of Qazlal.
  1277 | D:2      | Reached XP level 4. HP: 41/41 MP: 4/4
  1362 | D:2      | Noticed Jessica
  1371 | D:2      | Killed Jessica
  1372 | D:2      | Reached skill level 5 in Axes
  1927 | D:3      | Noticed Purgy
  1942 | D:3      | Killed Purgy
  1943 | D:3      | Reached skill level 5 in Fighting
  1943 | D:3      | Reached skill level 6 in Axes
  1943 | D:3      | Reached XP level 5. HP: 40/48 MP: 5/5
  2441 | D:3      | Found a blossoming altar of Fedhas.
  3013 | D:4      | Reached XP level 6. HP: 52/56 MP: 6/6
  3047 | D:4      | Reached skill level 7 in Axes
  3623 | D:4      | Reached skill level 8 in Axes
  3623 | D:4      | Reached XP level 7. HP: 63/63 MP: 7/7
  3879 | D:4      | Found an opulent altar of Gozag.
  3947 | D:4      | Found a glowing golden altar of the Shining One.
  3966 | D:4      | You fall into a shaft and drop 2 floors!
  3979 | D:6      | Found an iron altar of Okawaru.
  4070 | D:5      | Entered Level 5 of the Dungeon
  4144 | D:5      | Noticed Dowan
  4180 | D:5      | Killed Dowan
  4181 | D:5      | Reached skill level 9 in Axes
  5014 | D:5      | Found a shadowy altar of Dithmenos.
  5019 | D:5      | Noticed Pikel
  5045 | D:5      | Killed Pikel
  5046 | D:5      | Reached skill level 10 in Axes
  5046 | D:5      | Reached XP level 8. HP: 25/73 MP: 8/8
  5281 | D:5      | Found a hide-covered altar of Uskayaw.
  5487 | D:5      | Reached skill level 11 in Axes
  5581 | D:5      | Noticed Duvessa
  5596 | D:5      | Killed Duvessa
  6036 | D:6      | Found a radiant altar of Vehumet.
  6162 | D:6      | Found a sacrificial altar of Ru.
  6307 | D:6      | Found a sparkling altar of Nemelex Xobeh.
  6380 | D:6      | Found a staircase to the Ecumenical Temple.
  6396 | Temple   | Entered the Ecumenical Temple
  6637 | D:2      | Became a worshipper of Qazlal Stormbringer
  6721 | D:6      | Found a basalt altar of Yredelemnul.
  7336 | D:7      | Reached skill level 1 in Invocations
  7336 | D:7      | Reached XP level 9. HP: 80/82 MP: 8/10
  7384 | D:7      | Reached skill level 12 in Axes
  7709 | D:7      | Found Janet's Weapon Shoppe.
  8354 | D:7      | Found a blossoming altar of Fedhas.
  8944 | D:7      | Reached * piety under Qazlal
  8967 | D:7      | Reached skill level 13 in Axes
  9176 | D:8      | Found a bloodstained altar of Trog.
  9457 | D:8      | Found a staircase to the Lair.
  9554 | D:8      | Noticed Maurice
  9555 | D:8      | Noticed Harold
  9566 | D:8      | Killed Harold
  9567 | D:8      | Reached skill level 10 in Fighting
  9567 | D:8      | Reached skill level 5 in Invocations
  9567 | D:8      | Reached XP level 10. HP: 28/93 MP: 12/14
  9568 | D:8      | Reached skill level 14 in Axes
  9576 | D:8      | HP: 2/93 [something (5)]
  9928 | D:8      | Noticed Gastronok
  9989 | D:8      | Annihilated by Gastronok

Illustrated notes

Levels and vault maps discovered:
D:1:      minmay_arrival_open_corners, layout_loops_ring
D:2:      layout_loops_ring, chequers_temple_overflow_statue_of_worship,
          eino_tiny_chamber, minmay_increasing_density, uniq_jessica
D:3:      layout_loops_corners, lemuel_crystal_altar, minmay_misc_feat_plants,
          kennysheep_generic_room_13, uniq_purgy
D:4:      minmay_recursive_quarters, layout_loops_cross, kennysheep_little_box,
          lemuel_round_altar
D:5:      layout_cave_pools, eat_drink_and_be_merry_uskayaw,
          grunt_dithmenos_smoke_and_mirrors, uniq_pikel, uniq_duvessa
D:6:      layout_cave_pods, vehumet_crystals, nicolae_overflow_crystal_walls,
          nicolae_ru_great_annihilating_truth, okawaru_ov_weapons_minmay,
          general_overflow_altar, minmay_temple_entry_poolview
D:7:      layout_basic, serial_shops, kennysheep_mini_moat,
          hangedman_abyss_or_decor_passed, fedhas_altar_decomposition
D:8:      layout_gridville, dpeg_oklobed_lair, basic_altar, uniq_gastronok,
          uniq_harold, uniq_maurice
Temple:   eino_temple_lava

Skill      XL: |  1  2  3  4  5  6  7  8  9 10 |
---------------+-------------------------------+-----
Axes           | 3 4 6 8 10 11 13 14 | 14.0
Fighting       | 4 5 6 7 8 10 | 10.0
Invocations    | 1 5 6 |  6.0
Armour         | |  3.2
Shields        | |  3.2

Action                   |  1- 3 |  4- 6 |  7- 9 | 10-12 || total
-------------------------+-------+-------+-------+-------++-------
Melee: War axe           |   142 |   132 |   216 |       ||   490
       Battleaxe         |       |       |   111 |    24 ||   135
  Use: Scroll            |     4 |     4 |     6 |       ||    14
       Potion            |       |       |     1 |     2 ||     3
 Stab: Paralysed         |       |       |     1 |       ||     1
Armor: Scale mail        |    64 |    72 |    89 |       ||   225
       Plate armour      |       |       |    43 |    13 ||    56
Dodge: Dodged            |    57 |    41 |    67 |     2 ||   167
Block: Kite shield       |    88 |    67 |    92 |       ||   247
       Other             |       |       |     2 |       ||     2

Table legend: (Time is in decaauts)
 A = Elapsed time spent in this place.
 B = Non-inter-level travel time spent in this place.
 C = Inter-level travel time spent in this place.
 D = Time resting spent in this place.
 E = Time spent auto-exploring this place.
 F = Levels seen in this place.
 G = Mean time per level.
                   A        B        C        D        E       F      G
               +--------+--------+--------+--------+--------+-----+--------+
         Total |  10183 |   9694 |    489 |   1759 |   6569 |   9 | 1131.4 |
       Dungeon |  10109 |   9627 |    482 |   1759 |   6503 |   8 | 1263.6 |
        Temple |     73 |     66 |      7 |      0 |     66 |   1 |   73.0 |
               +--------+--------+--------+--------+--------+-----+--------+

Top non-repeatable levels by time:
     D:7: 2131 daAuts
     D:5: 1862 daAuts
     D:4: 1281 daAuts
     D:6: 1180 daAuts
     D:3: 1103 daAuts
     D:2: 1050 daAuts
     D:1: 907 daAuts
     D:8: 592 daAuts
  Temple: 73 daAuts
